 Dungeon Crawl Stone Soup version 0.28.0-47-ge53b351184 (webtiles) character file.

Game seed: 1943486506610016910

15074 Gabide the Reanimator (level 11, -5/94 HPs)
             Began as a Demigod Necromancer on May 6, 2022.
             Shot with an arrow by a centaur (10 damage)
             ... led by a centaur warrior
             ... on level 12 of the Dungeon.
             The game lasted 00:32:20 (20437 turns).

Gabide the Reanimator (Demigod Necromancer)        Turns: 20437, Time: 00:32:21

Health: -5/94      AC:  8    Str:  9    XL:     11   Next: 65%
Magic:  27/27      EV: 15    Int: 29    God:
Gold:   534        SH:  0    Dex: 14    Spells: 12/25 levels left

rFire   . . .      SeeInvis +   r - +9 spear of Valour {vorpal, Will+}
rCold   + . .      Faith    .   (no shield)
rNeg    + . .      Spirit   .   t - +2 leather armour {rC+}
rPois   .          Reflect  .   h - +0 helmet
rElec   .          Harm     .   s - +0 cloak
rCorr   .          Rampage  .   (no gloves)
Will    ++...                   B - +0 pair of boots
Stlth   ++........              (no amulet)
HPRegen 0.25/turn               d - ring of see invisible
MPRegen 0.20/turn               a - ring of positive energy

@: no status effects
A: high MP 1, forlorn, divine attributes
a: no special abilities


You were on level 12 of the Dungeon.
You visited 1 branch of the dungeon, and saw 12 of its levels.

You collected 534 gold pieces.

Inventory:

Hand Weapons
 r - the +9 spear of Valour (weapon) {vorpal, Will+}
   (You found it on level 5 of the Dungeon)

   It inflicts extra damage upon your enemies.
   Will:      It increases your willpower.
Missiles
 w - a throwing net
Armour
 g - +0 ice dragon scales
 h - a +0 helmet (worn)
 s - a +0 cloak (worn)
 t - a +2 leather armour of cold resistance (worn)
 B - a +0 pair of boots (worn)
Jewellery
 a - a ring of positive energy (right hand)
 d - a ring of see invisible (left hand)
 y - an amulet of guardian spirit
Wands
 c - a wand of polymorph (10)
 f - a wand of iceblast (4)
 p - a wand of charming (1)
 q - a wand of flame (41)
 v - a wand of acid (9)
Scrolls
 l - 3 scrolls of fog
 m - 4 scrolls of identify
 x - a scroll of holy word
 E - a scroll of amnesia
 H - 3 scrolls of teleportation
 I - a scroll of enchant armour
Potions
 b - 2 potions of heal wounds
 e - 3 potions of brilliance
 i - 3 potions of cancellation
 j - 3 potions of degeneration
 k - a potion of mutation {unknown}
 n - a potion of resistance {unknown}
 o - 2 potions of attraction
 u - 5 potions of curing
 z - 2 potions of lignification {unknown}
 A - 2 potions of haste {unknown}
 C - 2 potions of flight {unknown}
 F - a potion of might {unknown}
Miscellaneous
 D - a box of beasts (inert)
 G - a phial of floods


   Skills:
 * Level 8.3 Fighting
 + Level 6.6 Polearms
 - Level 2.0 Armour
 * Level 8.5 Dodging
 - Level 1.7 Stealth
 - Level 0.3 Unarmed Combat
 * Level 7.8 Spellcasting
 * Level 9.1 Necromancy


You had 12 spell levels left.
You knew the following spells:

 Your Spells              Type           Power      Damage    Failure   Level
a - Pain                  Necr           100%       1d9       1%          1
b - Vampiric Draining     Necr           59%        2d10      1%          3
c - Animate Dead          Necr           29%        N/A       1%          4
d - Agony                 Necr           59%        N/A       4%          5

Your spell library contained the following spells:

 Spells                   Type           Power      Damage    Failure   Level
 Animate Skeleton         Necr           100%       N/A       1%          1
 Beastly Appendage        Tmut           22%        N/A       6%          1
 Static Discharge         Conj/Air       11%        N/A       10%         2
 Wereblood                Tmut           11%        N/A       10%         2
 Gell's Gravitas          Tloc           11%        N/A       19%         3
 Ignite Poison            Fire/Tmut/Pois 11%        N/A       19%         3
 Lesser Beckoning         Tloc           11%        N/A       19%         3
 Mephitic Cloud           Conj/Pois/Air  11%        N/A       19%         3
 Spider Form              Tmut/Pois      11%        N/A       19%         3
 Teleport Other           Tloc           11%        N/A       19%         3
 Petrify                  Tmut/Erth      11%        N/A       54%         4
 Freezing Cloud           Conj/Ice/Air   5%         6-21      87%         5
 Lightning Bolt           Conj/Air       5%         1d17      87%         5
 Metabolic Englaciation   Hex/Ice        5%         N/A       87%         5
 Statue Form              Tmut/Erth      7%         N/A       100%        6
 Maxwell's Capacitive Co  Air            5%         ∞         100%        8


Dungeon Overview and Level Annotations

Branches:
Dungeon (12/15)            Temple (0/1) D:4            Lair (0/6) D:8
    Orc (0/2) D:9

Shops:
D:3 (


Innate Abilities, Weirdness & Mutations

You have an increased reservoir of magic. (+10% MP)
You shall have no god before yourself.
Your divine heritage dramatically boosts your attributes as you level up.


Message History

You see here the +1 scale mail of Plog {-Tele rF+ rN+}.
q - a wand of flame (41) (gained 9 charges)
I - a scroll of enchant armour 2 centaurs come into view.
The centaur wields a +0 shortbow.
The centaur shoots an arrow.
The arrow closely misses you.
The centaur wields a +0 shortbow.
The centaur shoots an arrow.
The arrow completely misses you.
A centaur warrior comes into view.
The centaur shoots an arrow.
The arrow hits you.
A centaur comes into view.
The centaur shoots an arrow.
The arrow hits you.
The centaur warrior wields a +0 shortbow.
The centaur warrior shoots an arrow.
The arrow hits you!
The centaur shoots an arrow.
The arrow barely misses you.
The centaur shoots an arrow.
The arrow barely misses you.
The centaur shoots an arrow.
The arrow barely misses you.
The centaur shoots an arrow.
The arrow misses you.
The centaur warrior shoots an arrow.
The arrow hits you!
The centaur shoots an arrow.
The arrow hits you!
The centaur shoots an arrow.
The arrow hits you but does no damage.
The centaur warrior shoots an arrow.
The arrow hits you!
The centaur shoots an arrow.
The arrow hits you!
The centaur warrior shoots an arrow.
The arrow misses you.
The centaur warrior shoots an arrow.
The arrow hits you!
You hear a shout!
The centaur shoots an arrow.
The arrow closely misses you.
The centaur shoots an arrow.
The arrow hits you.
The centaur shoots an arrow.
The arrow completely misses you.
The centaur warrior shoots an arrow.
The arrow hits you!
* * * LOW HITPOINT WARNING * * *
The centaur shoots an arrow.
The arrow closely misses you.
Things that are here:
a +0 shortbow; 18 arrows The centaur shoots an arrow.
The arrow hits you but does no damage.
The centaur warrior shoots an arrow.
The arrow hits you!
* * * LOW HITPOINT WARNING * * *
Things that are here:
a +0 shortbow; a +0 shortbow; 30 arrows The centaur shoots an arrow.
The arrow hits you!
You die...

############
####...#.##.#@#
#..#......##).#
##.........)#.<.#
###.#........#####.#
#.......c..### ....
##....)..c...# #..
...
......[..c..#####...
..
...........#...#....
.
..........#........#


You could see a centaur warrior and 2 centaurs.

Vanquished Creatures
  A centaur warrior (D:11)
  4 two-headed ogres
  An ugly thing (D:11)
  Maurice (D:9)
  2 kobold demonologists (D:10)
  A hornet (D:9)
  2 shadows
  A vampire (D:10)
  3 wyverns (D:8)
  18 yaks
  3 wraiths
  A steam dragon (D:9)
  A basilisk (D:8)
  Edmund (D:6)
  A warg (D:9)
  6 water moccasins
  An ice beast (D:8)
  2 sky beasts
  5 orc warriors
  A black bear (D:8)
  An ogre (D:6)
  7 centaurs
  2 phantoms
  A kobold brigand (D:10)
  5 bullfrogs
  A gnoll sergeant (D:9)
  13 killer bees
  9 howler monkeys
  10 wights
  An electric eel (D:7)
  The ghost of Skiberibeda the Insei, a weakling OpTm (D:4)
  A bullfrog zombie (D:6)
  5 centaur zombies
  A jelly (D:4)
  3 gnoll shamans
  4 hounds
  7 orc priests
  A bullfrog skeleton (D:6)
  An iguana (D:5)
  Terence (D:2)
  2 killer bee zombies
  A hound skeleton (D:5)
  Robin (D:2)
  19 gnolls
  A howler monkey zombie (D:6)
  3 adders
  A white imp (D:7)
  2 worms
  A dart slug (D:2)
  12 orcs
  7 ball pythons
  6 bats
  7 endoplasms
  4 giant cockroaches
  15 goblins
  4 hobgoblins
  4 jackals (D:5)
  8 kobolds
  3 quokkas
  2 frilled lizards (D:1)
  3 rats
237 creatures vanquished.

Vanquished Creatures (collateral kills)
  A hydra (D:11)
  A wraith (D:11)
  A wyvern (D:6)
  A killer bee (D:6)
  A howler monkey (D:6)
  A gnoll (D:6)
6 creatures vanquished.

Vanquished Creatures (others)
  An orc (D:9)
  3 fungi (D:8)
  18 plants
22 creatures vanquished.

Grand Total: 265 creatures vanquished

Notes
Turn   | Place    | Note
-------+----------+-------------------------------------------
     0 | D:1      | Gabide the Demigod Necromancer began the quest for the Orb.
     0 | D:1      | Reached XP level 1. HP: 14/14 MP: 5/5
   433 | D:1      | Reached XP level 2. HP: 14/22 MP: 0/7
  1218 | D:1      | Reached skill level 1 in Fighting
  1671 | D:2      | Reached XP level 3. HP: 25/28 MP: 5/8
  1709 | D:2      | Learned a level 3 spell: Vampiric Draining
  2027 | D:2      | Noticed Robin
  2297 | D:1      | Reached skill level 4 in Necromancy
  2563 | D:2      | Killed Robin
  2755 | D:2      | Noticed Terence
  2776 | D:2      | Killed Terence
  2777 | D:2      | Reached XP level 4. HP: 9/36 MP: 0/10
  3006 | D:2      | Learned a level 4 spell: Animate Dead
  3217 | D:3      | Found Ijaguj's Antique Weapon Emporium.
  4495 | D:4      | Noticed a phantom
  4919 | D:4      | Found a large runed translucent door.
  4920 | D:4      | Found a large runed translucent door.
  4923 | D:4      | Noticed Skiberibeda's ghost (weakling OpTm)
  5029 | D:4      | Found a staircase to the Ecumenical Temple.
  5095 | D:5      | Entered Level 5 of the Dungeon
  5208 | D:5      | Identified the +9 spear of Valour {vorpal, Will+}
  5318 | D:5      | Noticed a phantom
  5327 | D:5      | Killed a phantom
  5328 | D:5      | Reached XP level 5. HP: 28/41 MP: 10/12
  5926 | D:5      | Reached XP level 6. HP: 49/50 MP: 11/13
  6353 | D:4      | Reached skill level 1 in Polearms
  6437 | D:4      | Killed Skiberibeda's ghost
  6521 | D:6      | Reached skill level 1 in Armour
  6645 | D:6      | Reached XP level 7. HP: 53/57 MP: 15/15
  6647 | D:6      | Reached skill level 5 in Necromancy
  6990 | D:6      | Learned a level 5 spell: Agony
  7184 | D:6      | Noticed Edmund
  7198 | D:6      | Killed Edmund
  8160 | D:6      | Reached XP level 8. HP: 19/66 MP: 2/17
  8895 | D:7      | Reached skill level 5 in Dodging
  8903 | D:6      | Reached skill level 6 in Necromancy
  9924 | D:7      | Identified the +3 scimitar "Keguf" {drain, rElec rC+ Str+3}
 10458 | D:8      | Reached skill level 5 in Spellcasting
 10458 | D:8      | Reached XP level 9. HP: 55/73 MP: 15/20
 10463 | D:8      | Reached skill level 5 in Fighting
 11611 | D:8      | Reached skill level 7 in Necromancy
 11713 | D:8      | Reached skill level 5 in Polearms
 12131 | D:8      | Found a staircase to the Lair.
 12150 | D:8      | Reached XP level 10. HP: 83/83 MP: 15/22
 12925 | D:8      | Noticed a two-headed ogre
 12935 | D:8      | Killed a two-headed ogre
 13412 | D:9      | Noticed Maurice
 13418 | D:9      | Killed Maurice
 14247 | D:9      | Reached skill level 8 in Necromancy
 14299 | D:9      | Noticed a two-headed ogre
 14779 | D:9      | Found a staircase to the Orcish Mines.
 15795 | D:9      | Killed a two-headed ogre
 15796 | D:9      | Reached XP level 11. HP: 92/92 MP: 13/25
 15973 | D:10     | Entered Level 10 of the Dungeon
 16336 | D:10     | Found a large runed translucent door.
 16337 | D:10     | Found a large runed translucent door.
 17736 | D:11     | Noticed a two-headed ogre
 17742 | D:11     | Killed a two-headed ogre
 17805 | D:11     | Found a gate leading to a gauntlet.
 18005 | D:11     | Noticed a two-headed ogre
 18011 | D:11     | Killed a two-headed ogre
 18507 | D:11     | Noticed a seven-headed hydra
 19079 | D:11     | Killed a seven-headed hydra
 19080 | D:11     | Reached skill level 9 in Necromancy
 19352 | D:12     | Noticed a centaur warrior
 19983 | D:11     | Killed a centaur warrior
 20405 | D:12     | Identified the +1 scale mail of Plog {-Tele rF+ rN+}
 20417 | D:12     | Noticed a centaur warrior
 20437 | D:12     | Shot with an arrow by a centaur

Illustrated notes

Levels and vault maps discovered:
D:1:      lemuel_arrival_hallway, layout_basic, serial_forest,
          infiniplex_forest_clump_C, infiniplex_forest_zigzag_2,
          infiniplex_forest_clump_double, infiniplex_forest_end_2,
          infiniplex_forest_clump_C, infiniplex_forest_straight_4,
          infiniplex_forest_lined_room_3, infiniplex_forest_lined_room_3,
          chequers_ecumenical_altar_lobes, amcnicky_mini_corridor_feature,
          minmay_misc_feat_x
D:2:      layout_rooms, basic_altar, uniq_terence, uniq_robin
D:3:      layout_basic, nicolae_ru_awakened_eye, serial_shops, shop
D:4:      layout_basic, ashenzari_altar_1, minmay_temple_entry_overgrown,
          ebering_ghost_disaster_area
D:5:      cheibrodos_iron_armory, layout_loops_corners,
          chequers_temple_overflow_statue_of_worship
D:6:      layout_layer_cave, good_gods_mini_temple, uniq_edmund
D:7:      layout_basic, enter_bailey_4, grunt_decor_cap,
          minmay_misc_feat_enclosed, moated_statue, serial_bayou_pond_c,
          st_stairs_13
D:8:      layout_basic, minmay_lair_entry_grove, serial_rivers,
          chequers_serial_rivers_large_b, chequers_serial_rivers_small_a,
          chequers_serial_rivers_micro_d, chequers_serial_rivers_micro_b,
          chequers_serial_rivers_large_a
D:9:      minmay_octagon_keep, layout_basic, david_orc_1_choice,
          lemuel_old_faithful, uniq_maurice
D:10:     layout_loops_ring, jmf_multi_god_temple2
D:11:     layout_roguey, gauntlet_entry_generic
D:12:     layout_big_octagon, lemuel_flamethrower_3

Skill      XL: |  1  2  3  4  5  6  7  8  9 10 11 |
---------------+----------------------------------+-----
Dodging        | 2 3 4 5 6 7 8 |  8.5
Spellcasting   | 2 3 4 5 7 |  7.8
Fighting       | 1 2 3 4 6 7 8 |  8.3
Necromancy     | 4 5 6 7 8 9 |  9.1
Polearms       | 1 2 3 5 6 |  6.6
Armour         | 1 2 |  2.0
Stealth        | |  1.7
Unarmed Combat | |  0.3

Action                   |  1- 3 |  4- 6 |  7- 9 | 10-12 || total
-------------------------+-------+-------+-------+-------++-------
Melee: Unarmed           |    11 |     4 |       |       ||    15
       Punch             |     1 |       |     1 |     8 ||    10
       Hand axe          |       |    10 |       |       ||    10
       Spear             |       |    30 |   165 |   288 ||   483
 Cast: Pain              |   100 |    66 |    27 |     7 ||   200
       Vampiric Draining |     1 |     8 |    81 |   133 ||   223
       Animate Dead      |       |       |    10 |    10 ||    20
       Agony             |       |       |       |    16 ||    16
Evoke: Wand              |       |       |     3 |    10 ||    13
       Box of beasts     |       |       |       |     1 ||     1
  Use: Scroll            |       |     2 |    10 |    11 ||    23
       Potion            |       |       |     5 |       ||     5
 Stab: Sleeping          |       |       |     2 |     5 ||     7
Armor: Robe              |    13 |     5 |       |       ||    18
       Leather armour    |       |     5 |    51 |   105 ||   161
Dodge: Dodged            |    33 |    25 |   223 |   281 ||   562
